| TOP OF THE 1ST |
|
Columbus Clippers batting - Pitching for Syracuse Chiefs : RHP Ramon Mendoza
|
|
Pitching: RHP Ramon Mendoza
|
|
|
Batting: SHB Curt Wilkerson
|
0-0: Ball 1-0: Foul Ball, location: 2F 1-1: Foul Ball, location: 2F 1-2: Foul Ball, location: 2F 1-2: Strikes out swinging, 2-3 out at first.
|
|
Batting: LHB Elijah Bonaparte
|
0-0: Ball 1-0: Ball 2-0: Ball 3-0: Called Strike 3-1: Ground out 6-3 (Groundball, 56, EV 103.1 MPH)
|
|
Batting: LHB Denny Porter
|
0-0: Ball 1-0: Ball 2-0: Ball 3-0: Called Strike 3-1: Base on Balls
|
|
Batting: RHB Rod Allen
|
0-0: Foul Ball, location: 2F 0-1: Ball 1-1: Swinging Strike 1-2: Ball 2-2: Foul Ball, location: 2F 2-2: Strikes out swinging
|
| Top of the 1st over - 0 runs, 0 hits, 0 errors, 1 left on base; Columbus 0 - Syracuse 0 |
| BOTTOM OF THE 1ST |
|
Syracuse Chiefs batting - Pitching for Columbus Clippers : RHP Richard Renwick
|
|
Pitching: RHP Richard Renwick
|
|
|
Batting: SHB Larry Lintz
|
0-0: Ball 1-0: Foul Ball, location: 2F 1-1: Fly out, F8 (Line Drive, 8LD, EV 93.8 MPH)
|
|
Batting: RHB Phil Garner
|
0-0: Ball 1-0: Fly out, F9 (Flyball, 9D, EV 109.4 MPH)
|
|
Batting: RHB Jim G Wilson
|
0-0: Called Strike 0-1: Foul Ball, location: 2F 0-2: Ball 1-2: Ball 2-2: Foul Ball, location: 2F 2-2: Foul Ball, location: 2F 2-2: Foul Ball, location: 2F 2-2: Foul Ball, location: 2F 2-2: Foul Ball, location: 2F 2-2: Ball 3-2: Base on Balls
|
|
Batting: LHB Darryl Strawberry
|
0-0: Ball 1-0: Foul Ball, location: 2F 1-1: Ball 2-1: Ball 3-1: Foul Ball, location: 2F 3-2: Foul Ball, location: 2F 3-2: Foul Ball, location: 2F 3-2: Foul Ball, location: 2F 3-2: Fly out, F8 (Flyball, 89XD, EV 100.6 MPH)
|
| Bottom of the 1st over - 0 runs, 0 hits, 0 errors, 1 left on base; Columbus 0 - Syracuse 0 |
| TOP OF THE 2ND |
|
Columbus Clippers batting - Pitching for Syracuse Chiefs : RHP Ramon Mendoza
|
|
Batting: LHB Barry Butera
|
0-0: Foul Ball, location: 2F 0-1: Ball 1-1: Ball 2-1: SINGLE (Line Drive, 78S, EV 98.1 MPH)
|
|
Batting: LHB Tony Ramirez
|
0-0: Called Strike 0-1: Ball 1-1: Called Strike 1-2: SINGLE (Line Drive, 7S, EV 105.0 MPH) Barry Butera to second
|
|
Batting: LHB Jordan Medrano
|
0-0: Called Strike 0-1: Foul Ball, location: 2F 0-2: Strikes out swinging
|
|
Batting: LHB Arturo Blanco
|
0-0: Ball 1-0: Grounds into double play, 6-4-3 (Groundball, 6, EV 90.0 MPH)
|
| Top of the 2nd over - 0 runs, 2 hits, 0 errors, 1 left on base; Columbus 0 - Syracuse 0 |
| BOTTOM OF THE 2ND |
|
Syracuse Chiefs batting - Pitching for Columbus Clippers : RHP Richard Renwick
|
|
Batting: RHB Dave Meier
|
0-0: Ball 1-0: Called Strike 1-1: Fly out, F8 (Flyball, 8RS, EV 96.3 MPH)
|
|
Batting: RHB Amos Otis
|
0-0: Called Strike 0-1: Ball 1-1: Foul Ball, location: 2F 1-2: Ball 2-2: Ball 3-2: Foul Ball, location: 2F 3-2: Ground out 6-3 (Groundball, 6D, EV 100.6 MPH)
|
|
Batting: LHB Carlos May
|
0-0: Ball 1-0: Ball 2-0: Ball 3-0: Ground out 4-3 (Groundball, 4, EV 84.4 MPH)
|
| Bottom of the 2nd over - 0 runs, 0 hits, 0 errors, 0 left on base; Columbus 0 - Syracuse 0 |
| TOP OF THE 3RD |
|
Columbus Clippers batting - Pitching for Syracuse Chiefs : RHP Ramon Mendoza
|
|
Batting: RHB Alex Rodriguez
|
0-0: Ball 1-0: Ball 2-0: Foul Ball, location: 2F 2-1: Ball 3-1: Base on Balls
|
|
Batting: SHB Curt Wilkerson
|
0-0: Called Strike 0-1: Ball 1-1: Swinging Strike 1-2: TRIPLE (Flyball, 5D, EV 93.8 MPH) Alex Rodriguez scores
|
|
Batting: LHB Elijah Bonaparte
|
0-0: Foul Ball, location: 2F 0-1: Called Strike 0-2: Ball 1-2: Strikes out swinging
|
|
Batting: LHB Denny Porter
|
0-0: Ball 1-0: Foul Ball, location: 2F 1-1: Swinging Strike 1-2: Strikes out swinging, 2-3 out at first.
|
|
Batting: RHB Rod Allen
|
0-0: Ball 1-0: Called Strike 1-1: Reached on error, E5 (Groundball, 56, EV 102.5 MPH) Curt Wilkerson scores
|
|
Batting: LHB Barry Butera
|
0-0: Called Strike Rod Allen steals 2nd base (no throw) 0-1: Foul Ball, location: 2F 0-2: Ball 1-2: Strikes out swinging
|
| Top of the 3rd over - 2 runs, 1 hit, 1 error, 1 left on base; Columbus 2 - Syracuse 0 |
| BOTTOM OF THE 3RD |
|
Syracuse Chiefs batting - Pitching for Columbus Clippers : RHP Richard Renwick
|
|
Batting: LHB Danny Goodwin
|
0-0: Foul Ball, location: 2F 0-1: Ball 1-1: Ball 2-1: Ground out U3 (Groundball, 3, EV 76.9 MPH)
|
|
Batting: SHB Jeff Doyle
|
0-0: Called Strike 0-1: Ball 1-1: Ball 2-1: Ball 3-1: Base on Balls
|
|
Batting: SHB Larry Lintz
|
0-0: Ball 1-0: Swinging Strike 1-1: Ball 2-1: Ball 3-1: Foul Ball, location: 2F 3-2: Base on Balls Jeff Doyle to second
|
|
Batting: RHB Phil Garner
|
0-0: Ball 1-0: Ball Jeff Doyle is caught stealing 3rd base 2-5 2-0: Called Strike 2-1: Called Strike 2-2: Strikes out looking
|
| Bottom of the 3rd over - 0 runs, 0 hits, 0 errors, 1 left on base; Columbus 2 - Syracuse 0 |
| TOP OF THE 4TH |
|
Columbus Clippers batting - Pitching for Syracuse Chiefs : RHP Ramon Mendoza
|
|
Batting: LHB Tony Ramirez
|
0-0: SINGLE (Flyball, 8RS, EV 94.4 MPH)
|
|
Batting: LHB Jordan Medrano
|
0-0: Ball 1-0: Foul Ball, location: 2F 1-1: Fly out, F9 (Line Drive, 9D, EV 94.4 MPH)
|
|
Batting: LHB Arturo Blanco
|
0-0: Fielders Choice at 2nd, 6-4 (Groundball, 6, EV 86.3 MPH)
|
|
Batting: RHB Alex Rodriguez
|
0-0: Called Strike Arturo Blanco steals 2nd base (no throw) 0-1: Ball 1-1: Ball 2-1: Ground out 6-3 (Groundball, 6, EV 109.4 MPH)
|
| Top of the 4th over - 0 runs, 1 hit, 0 errors, 1 left on base; Columbus 2 - Syracuse 0 |
| BOTTOM OF THE 4TH |
|
Syracuse Chiefs batting - Pitching for Columbus Clippers : RHP Richard Renwick
|
|
Batting: RHB Jim G Wilson
|
0-0: Called Strike 0-1: Ball 1-1: SINGLE (Line Drive, 4D, EV 95.0 MPH)
|
|
Batting: LHB Darryl Strawberry
|
0-0: Foul Ball, location: 2F 0-1: Ball 1-1: Swinging Strike 1-2: Foul Ball, location: 2F 1-2: Ball 2-2: Foul Ball, location: 2F 2-2: Foul Ball, location: 2F 2-2: Foul Ball, location: 2F 2-2: Fielders Choice at 2nd, 4-6 (Groundball, 4, EV 82.5 MPH)
|
|
Batting: RHB Dave Meier
|
0-0: Called Strike Darryl Strawberry steals 2nd base 0-1: Fly out, F9 (Flyball, 9LD, EV 100.6 MPH) Runner from 2nd tags up, SAFE at 3rd, no throw by RF
|
|
Batting: RHB Amos Otis
|
0-0: Foul Ball, location: 2F 0-1: Swinging Strike 0-2: Ball 1-2: Foul Ball, location: 2F 1-2: Ball 2-2: Ball 3-2: Foul Ball, location: 2F 3-2: Reached on error, E9 (Line Drive, 9, EV 90.6 MPH) Darryl Strawberry scores
|
|
Batting: LHB Carlos May
|
0-0: DOUBLE (Line Drive, 89M, EV 99.4 MPH) Amos Otis scores
|
|
Batting: LHB Danny Goodwin
|
0-0: Swinging Strike 0-1: Called Strike 0-2: Fly out, F4 (Line Drive, 4, EV 61.3 MPH)
|
| Bottom of the 4th over - 2 runs, 2 hits, 1 error, 1 left on base; Columbus 2 - Syracuse 2 |
| TOP OF THE 5TH |
|
Columbus Clippers batting - Pitching for Syracuse Chiefs : RHP Ramon Mendoza
|
|
Batting: SHB Curt Wilkerson
|
0-0: Called Strike 0-1: Reached on error, E6 (Groundball, 6, EV 89.4 MPH)
|
|
Batting: LHB Elijah Bonaparte
|
0-0: Ball 1-0: Ball 2-0: Called Strike 2-1: Ground out 6-3 (Groundball, 6M, EV 78.1 MPH) Curt Wilkerson to third
|
|
Batting: LHB Denny Porter
|
0-0: SINGLE (Line Drive, 4MD, EV 102.5 MPH) Curt Wilkerson scores
|
|
Batting: RHB Rod Allen
|
0-0: Swinging Strike 0-1: Foul Ball, location: 2F 0-2: Foul Ball, location: 2F 0-2: SINGLE (Line Drive, 56D, EV 93.8 MPH) Denny Porter to second
|
|
Batting: LHB Barry Butera
|
0-0: SINGLE (Groundball, 34D, EV 111.9 MPH) Denny Porter to third Rod Allen to second Runner from 3rd tries for Home, SAFE, throw by RF to home
|
|
Batting: LHB Tony Ramirez
|
0-0: Ball Rod Allen steals 3rd base Barry Butera to second 1-0: Called Strike 1-1: Foul Ball, location: 2F 1-2: SINGLE (Line Drive, 9LS, EV 108.8 MPH) Rod Allen scores Barry Butera to third
|
|
Batting: LHB Jordan Medrano
|
0-0: Called Strike Tony Ramirez steals 2nd base (no throw) 0-1: Swinging Strike 0-2: Ball 1-2: Foul Ball, location: 2F 1-2: Strikes out looking
|
|
Batting: LHB Arturo Blanco
|
0-0: Called Strike 0-1: Swinging Strike 0-2: Ball 1-2: Ground out U3 (Groundball, 3S, EV 81.9 MPH)
|
| Top of the 5th over - 3 runs, 4 hits, 1 error, 2 left on base; Columbus 5 - Syracuse 2 |
| BOTTOM OF THE 5TH |
|
Syracuse Chiefs batting - Pitching for Columbus Clippers : RHP Richard Renwick
|
|
Batting: SHB Jeff Doyle
|
0-0: Called Strike 0-1: Ground out 4-3 (Groundball, 4, EV 85.6 MPH)
|
|
Batting: SHB Larry Lintz
|
0-0: Ball 1-0: Called Strike 1-1: Foul Ball, location: 2F 1-2: Ball 2-2: Strikes out swinging
|
|
Batting: RHB Phil Garner
|
0-0: Called Strike 0-1: Called Strike 0-2: Foul Ball, location: 2F 0-2: Ball 1-2: Fly out, F7 (Flyball, 7LM, EV 96.9 MPH)
|
| Bottom of the 5th over - 0 runs, 0 hits, 0 errors, 0 left on base; Columbus 5 - Syracuse 2 |
| TOP OF THE 6TH |
|
Columbus Clippers batting - Pitching for Syracuse Chiefs : RHP Ramon Mendoza
|
|
Batting: RHB Alex Rodriguez
|
0-0: SINGLE (Groundball, 34D, EV 104.4 MPH)
|
|
Batting: SHB Curt Wilkerson
|
0-0: Ball 1-0: Bunt missed! 1-1: Sac Bunt to 23 - play at first, batter OUT! 3-4 Alex Rodriguez to second
|
|
Batting: LHB Elijah Bonaparte
|
0-0: Called Strike 0-1: Ball 1-1: Ball 2-1: Called Strike 2-2: SINGLE (Line Drive, 7S, EV 106.3 MPH) Alex Rodriguez to third Runner from 3rd tries for Home, SAFE, throw by LF to home
|
|
Batting: LHB Denny Porter
|
0-0: Grounds into double play, 6-4-3 (Groundball, 6, EV 86.9 MPH)
|
| Top of the 6th over - 1 run, 2 hits, 0 errors, 0 left on base; Columbus 6 - Syracuse 2 |
| BOTTOM OF THE 6TH |
|
Syracuse Chiefs batting - Pitching for Columbus Clippers : RHP Richard Renwick
|
|
Batting: RHB Jim G Wilson
|
0-0: Foul Ball, location: 2F 0-1: Foul Ball, location: 2F 0-2: Foul Ball, location: 2F 0-2: Ball 1-2: Ball 2-2: SINGLE (Groundball, 6D, EV 98.8 MPH)
|
|
Batting: LHB Darryl Strawberry
|
0-0: Foul Ball, location: 2F 0-1: Ball 1-1: Foul Ball, location: 2F 1-2: Foul Ball, location: 2F 1-2: SINGLE (Flyball, 7LS, EV 93.8 MPH) Jim G Wilson to second
|
|
Batting: RHB Dave Meier
|
0-0: Ball 1-0: Ball 2-0: Called Strike 2-1: Ball 3-1: Called Strike 3-2: SINGLE (Line Drive, 8RS, EV 87.5 MPH) Jim G Wilson to third Darryl Strawberry to second Runner from 3rd tries for Home, SAFE, throw by CF to home
|
|
Batting: RHB Amos Otis
|
0-0: Ball 1-0: Grounds into double play, 6-4-3 (Groundball, 6, EV 87.5 MPH) Darryl Strawberry to third
|
|
Batting: LHB Carlos May
|
0-0: Called Strike 0-1: Foul Ball, location: 2F 0-2: Reached on error, E5 (Groundball, 5, EV 87.5 MPH) Darryl Strawberry scores
|
|
Batting: LHB Danny Goodwin
|
0-0: Called Strike 0-1: Foul Ball, location: 2F 0-2: Ball 1-2: Foul Ball, location: 2F 1-2: Ball 2-2: Strikes out looking
|
| Bottom of the 6th over - 2 runs, 3 hits, 1 error, 1 left on base; Columbus 6 - Syracuse 4 |
| TOP OF THE 7TH |
|
Columbus Clippers batting - Pitching for Syracuse Chiefs : RHP Ramon Mendoza
|
|
Pitching: RHP Bill Caudill
|
|
|
Batting: RHB Rod Allen
|
0-0: Ball 1-0: Ball 2-0: Foul Ball, location: 2F 2-1: Foul Ball, location: 2F 2-2: Strikes out looking
|
|
Batting: LHB Barry Butera
|
0-0: Ball 1-0: Called Strike 1-1: Fly out, F7 (Flyball, 7LD, EV 81.9 MPH)
|
|
Batting: LHB Tony Ramirez
|
0-0: Ball 1-0: Foul Ball, location: 2F 1-1: Swinging Strike 1-2: Strikes out swinging
|
| Top of the 7th over - 0 runs, 0 hits, 0 errors, 0 left on base; Columbus 6 - Syracuse 4 |
| BOTTOM OF THE 7TH |
|
Syracuse Chiefs batting - Pitching for Columbus Clippers : RHP Richard Renwick
|
|
Pitching: RHP Steven Javie
|
|
|
Batting: SHB Jeff Doyle
|
0-0: Ball 1-0: Ball 2-0: Ball 3-0: Called Strike 3-1: Foul Ball, location: 2F 3-2: Base on Balls
|
|
Batting: SHB Larry Lintz
|
0-0: Ball 1-0: Foul Ball, location: 2F 1-1: Ball 2-1: Ball 3-1: Foul Ball, location: 2F 3-2: Ground out 5-3 (Groundball, 5L, EV 79.4 MPH) Jeff Doyle to second
|
|
Batting: RHB Phil Garner
|
0-0: Ball 1-0: Fly out, F9 (Line Drive, 9D, EV 106.9 MPH) Runner from 2nd tags up, SAFE at 3rd, no throw by RF
|
|
Batting: RHB Jim G Wilson
|
0-0: Called Strike 0-1: Called Strike 0-2: Foul Ball, location: 2F 0-2: Ball 1-2: Ball 2-2: Ball 3-2: Strikes out swinging
|
| Bottom of the 7th over - 0 runs, 0 hits, 0 errors, 1 left on base; Columbus 6 - Syracuse 4 |
| TOP OF THE 8TH |
|
Columbus Clippers batting - Pitching for Syracuse Chiefs : RHP Bill Caudill
|
|
Batting: LHB Jordan Medrano
|
0-0: Called Strike 0-1: Ball 1-1: Ball 2-1: Ball 3-1: Base on Balls
|
|
Batting: LHB Arturo Blanco
|
0-0: Ball 1-0: Ground out 4-3 (Groundball, 4, EV 100.6 MPH) Jordan Medrano to second
|
|
Batting: RHB Alex Rodriguez
|
0-0: Foul Ball, location: 2F 0-1: Ball 1-1: Swinging Strike 1-2: Strikes out swinging
|
|
Batting: SHB Curt Wilkerson
|
0-0: Swinging Strike 0-1: Foul Ball, location: 2F 0-2: Ball 1-2: Strikes out swinging
|
| Top of the 8th over - 0 runs, 0 hits, 0 errors, 1 left on base; Columbus 6 - Syracuse 4 |
| BOTTOM OF THE 8TH |
|
Syracuse Chiefs batting - Pitching for Columbus Clippers : RHP Steven Javie
|
|
Batting: LHB Darryl Strawberry
|
0-0: Ball 1-0: Ball 2-0: Called Strike 2-1: Foul Ball, location: 2F 2-2: Strikes out swinging
|
|
Batting: RHB Dave Meier
|
0-0: Foul Ball, location: 2F 0-1: Ball 1-1: Foul Ball, location: 2F 1-2: DOUBLE (Line Drive, 78D, EV 105.0 MPH)
|
|
Batting: RHB Amos Otis
|
0-0: Ball 1-0: Foul Ball, location: 2F 1-1: Ground out 6-3 (Groundball, 6M, EV 84.4 MPH) Dave Meier to third
|
|
Batting: LHB Carlos May
|
0-0: Called Strike 0-1: Foul Ball, location: 2F 0-2: Ball 1-2: Ball 2-2: Strikes out looking
|
| Bottom of the 8th over - 0 runs, 1 hit, 0 errors, 1 left on base; Columbus 6 - Syracuse 4 |
| TOP OF THE 9TH |
|
Columbus Clippers batting - Pitching for Syracuse Chiefs : RHP Bill Caudill
|
|
Batting: LHB Elijah Bonaparte
|
0-0: Ball 1-0: SINGLE (Flyball, 3D, EV 95.6 MPH)
|
|
Batting: LHB Denny Porter
|
0-0: Called Strike Elijah Bonaparte steals 2nd base 0-1: Ball 1-1: Ball 2-1: 2-RUN HOME RUN (Flyball, 9LD, EV 98.8 MPH), Distance : 368 ft
|
|
Batting: RHB Rod Allen
|
0-0: Ground out 1-3 (Groundball, 13S, EV 66.9 MPH)
|
|
Batting: LHB Barry Butera
|
0-0: Ball 1-0: SINGLE (Groundball, 4D, EV 96.3 MPH)
|
|
Batting: LHB Tony Ramirez
|
0-0: Called Strike 0-1: Ball 1-1: Ball 2-1: Called Strike 2-2: Ball 3-2: Base on Balls Barry Butera to second
|
|
Batting: LHB Jordan Medrano
|
0-0: Called Strike 0-1: Ball 1-1: Ball 2-1: Fly out, F7 (Flyball, 78M, EV 83.8 MPH)
|
|
Batting: LHB Arturo Blanco
|
0-0: Foul Ball, location: 2F 0-1: Ground out U3 (Groundball, 34S, EV 92.5 MPH)
|
| Top of the 9th over - 2 runs, 3 hits, 0 errors, 2 left on base; Columbus 8 - Syracuse 4 |
| BOTTOM OF THE 9TH |
|
Syracuse Chiefs batting - Pitching for Columbus Clippers : RHP Steven Javie
|
|
Batting: LHB Danny Goodwin
|
0-0: Ball 1-0: Ball 2-0: Called Strike 2-1: Ball 3-1: Called Strike 3-2: Strikes out swinging
|
|
Batting: SHB Jeff Doyle
|
0-0: Called Strike 0-1: SINGLE (Groundball, 25, EV 66.9 MPH) (infield hit)
|
|
Batting: SHB Larry Lintz
|
0-0: Ball 1-0: Foul Ball, location: 2F 1-1: Swinging Strike 1-2: Strikes out looking
|
|
Batting: RHB Phil Garner
|
0-0: Ball 1-0: Foul Ball, location: 2F 1-1: TRIPLE (Line Drive, 7LD, EV 112.5 MPH) Jeff Doyle scores
|
|
Batting: RHB Jim G Wilson
|
0-0: Fly out, F8 (Flyball, 8LD, EV 85.0 MPH)
|
| Bottom of the 9th over - 1 run, 2 hits, 0 errors, 1 left on base; Columbus 8 - Syracuse 5 |
|